 Dungeon Crawl Stone Soup version 0.20.1-1-g8b1a95d (webtiles) character file.

297 slep the Shield-Bearer (level 6, -9/53 HPs)
             Began as a Minotaur Fighter on Nov 1, 2017.
             Was a Believer of Qazlal.
             Killed by divine providence
             ... invoked by an orc priest
              (13 damage)
             ... on level 3 of the Dungeon.
             The game lasted 00:11:33 (2025 turns).

slep the Shield-Bearer (Minotaur Fighter)           Turns: 2025, Time: 00:11:37

Health: -9/53      AC:  9    Str: 22    XL:     6   Next: 12%
Magic:  5/5        EV:  8    Int:  5    God:    Qazlal [**....]
Gold:   125        SH: 13    Dex: 10    Spells: 5/5 levels left

rFire    . . .     SeeInvis .   A - +1 whip (elec)
rCold    . . .     Gourm    .   c - +0 shield
rNeg     . . .     Faith    .   b - +0 scale mail
rPois    .         Spirit   .   (helmet restricted)
rElec    .         Reflect  .   g - +0 cloak
rCorr    .         Harm     .   (no gloves)
MR       .....                  v - +0 pair of boots
Stlth    ..........             r - amulet of rage
Regen    0.2/turn               (no ring)
MPRegen  0.1/turn               (no ring)

@: no status effects
A: retaliatory headbutt, horns 2
a: Upheaval, Renounce Religion, Evoke Berserk Rage


You were on level 3 of the Dungeon.
You worshipped Qazlal.
Qazlal was pleased with you.
You were not hungry.

You visited 1 branch of the dungeon, and saw 3 of its levels.

You collected 125 gold pieces.

Inventory:

Hand Weapons
 a - a +0 long sword
 A - a +1 whip of electrocution (weapon)
Missiles
 n - 8 tomahawks (quivered)
Armour
 b - a +0 scale mail (worn)
 c - a +0 shield (worn)
 g - a +0 cloak (worn)
 v - a +0 pair of boots (worn)
Jewellery
 r - an amulet of rage (around neck)
Scrolls
 h - 4 scrolls of enchant weapon {unknown}
 j - 2 scrolls of immolation {unknown}
 k - 4 scrolls of remove curse {unknown}
 q - a scroll of fog {unknown}
 t - a scroll of magic mapping {unknown}
 w - 3 scrolls of identify {unknown}
 y - a scroll of fear {unknown}
 C - a scroll of teleportation {unknown}
Potions
 d - a potion of might
 e - 2 potions of brilliance {unknown}
 i - a potion of degeneration {unknown}
 l - a potion of mutation {unknown}
 o - 2 potions of curing {unknown}
 p - a potion of lignification {unknown}
 x - a potion of flight {unknown}
 z - a potion of ambrosia {unknown}
 D - a potion of heal wounds {unknown}
Comestibles
 f - 5 bread rations
 m - 3 fruits
 s - a royal jelly
 u - 2 meat rations
 B - 6 chunks of flesh


   Skills:
 + Level 4.5 Fighting
 + Level 5.1 Long Blades
 + Level 4.8 Armour
 + Level 1.0 Dodging
 + Level 5.2 Shields


You had 5 spell levels left.
You didn't know any spells.

Dungeon Overview and Level Annotations

Branches:
Dungeon (3/15)

Altars:
Fedhas
Qazlal


Innate Abilities, Weirdness & Mutations

You reflexively headbutt those who attack you in melee.
You have a pair of horns on your head.


Message History

Beogh smites you!
* * * LOW HITPOINT WARNING * * *
You closely miss the orc priest.
You headbutt the orc priest, but do no damage.
The orc priest looks satisfied for a moment.
You block the orc priest's attack.
You hit the orc priest. Your headbutt misses the orc priest.
The orc priest is lightly wounded.
The orc priest calls upon Beogh to heal the orc priest.
The orc priest's wounds heal themselves!
You block the orc priest's attack.
You barely miss the orc priest. You block the orc priest's attack.
You hit the orc priest.
The orc priest is heavily wounded.
The orc priest mumbles some strange prayers to Beogh against you.
Pain shoots through your body!
* * * LOW HITPOINT WARNING * * *
The orc priest calls down the wrath of Beogh upon you.
Beogh smites you!
You die...

.........# .#+###### .#.#
##.############## #####
....##..........# #..%#
##..##..........# #...#
#..##..........# #...# .
#..##..........###l..#..P.
##...'.........§@ooo†....._
....##.^........###...##.P.
######..........# #...#
#..........# #####
#..........# #..........#
############


You could see 2 orc priests, an orc and a frilled lizard.

Vanquished Creatures
  2 jellies (D:2)
  An orc wizard (D:3)
  A gnoll (D:1)
  7 adders
  9 oozes (D:2)
  4 dart slugs
  11 orcs (D:3)
  3 giant cockroaches
  6 goblins
  7 hobgoblins
  7 jackals
  15 kobolds
  2 quokkas (D:2)
  2 ball pythons
  A ball python skeleton (D:3)
  5 bats
  2 frilled lizards
  9 rats
  7 fungi (D:2)
101 creatures vanquished.

Vanquished Creatures (others)
  2 fungi (D:2)
  5 toadstools (D:2)
7 creatures vanquished.

Grand Total: 108 creatures vanquished

Notes
Turn   | Place    | Note
-------+----------+-------------------------------------------
     0 | D:1      | slep the Minotaur Fighter began the quest for the Orb.
     0 | D:1      | Reached XP level 1. HP: 19/19 MP: 0/0
    98 | D:1      | Reached XP level 2. HP: 27/27 MP: 1/1
   421 | D:1      | Reached XP level 3. HP: 33/33 MP: 2/2
   780 | D:2      | Found a faded altar of an unknown god.
   784 | D:2      | Reached XP level 4. HP: 39/40 MP: 3/3
   809 | D:2      | Became a worshipper of Qazlal Stormbringer
   809 | D:2      | Reached * piety under Qazlal
  1285 | D:2      | Reached ** piety under Qazlal
  1285 | D:2      | Reached XP level 5. HP: 46/46 MP: 4/4
  1448 | D:3      | Reached skill level 5 in Shields
  1460 | D:3      | Reached skill level 5 in Long Blades
  1498 | D:3      | Reached skill level 1 in Dodging
  1565 | D:3      | Reached XP level 6. HP: 32/53 MP: 5/5
  2011 | D:3      | Found a blossoming altar of Fedhas.
  2025 | D:3      | Killed from afar by an orc priest

Skill      XL: |  1  2  3  4  5 |
---------------+----------------+-----
Shields        | 4 5 |  5.2
Armour         | 4 |  4.8
Fighting       | 4 |  4.5
Long Blades    | 3 4 5 |  5.1
Dodging        | 1 |  1.0

Action                   |  1- 3 |  4- 6 || total
-------------------------+-------+-------++-------
Melee: Long sword        |    84 |   182 ||   266
       Headbutt          |    13 |    42 ||    55
       Whip              |       |    41 ||    41
  Eat: Chunk             |       |     4 ||     4
Armor: Scale mail        |    33 |    68 ||   101
Dodge: Dodged            |    35 |    57 ||    92
Block: Shield            |    36 |   102 ||   138
       Rpst.: Long sword |     9 |     7 ||    16
